 Dungeon Crawl Stone Soup version 0.24.0-123-gd5b16e6ec5 (console) character file.

Game seed: 16392474546080685400, levelgen mode: deterministic

46365 Kagalorn the Peltast (level 14, -3/110 HPs)
             Began as a Human Assassin on Dec 26, 2019.
             Was the Champion of Dithmenos.
             Slain by a two-headed ogre
             ... wielding a +0 giant spiked club
              (8 damage)
             ... on level 15 of the Dungeon on Dec 27, 2019.
             The game lasted 01:41:46 (26689 turns).

Kagalorn the Peltast (Human Assassin)              Turns: 26689, Time: 01:41:46

Health: -3/110     AC:  6    Str: 11    XL:     14   Next: 76%
Magic:  14/14      EV: 15    Int: 17    God:    Dithmenos [******]
Gold:   919        SH: 15    Dex: 15    Spells: 13/13 levels left

rFire    . . .     SeeInvis .   a - +2 short sword (drain)
rCold    + + +     Gourm    .   N - +2 shield {reflect}
rNeg     . . .     Faith    .   v - +2 robe {rC+}
rPois    .         Spirit   .   G - +1 hat
rElec    .         Reflect  +   O - +0 cloak {rC+}
rCorr    .         Harm     .   Y - +0 pair of gloves
MR       +....                  h - -2 pair of boots of a wizard's laboratory {Regen+}
Stlth    ++++++++..             D - amulet of rage
HPRegen  0.68/turn              m - ring of protection from cold
MPRegen  0.14/turn              w - ring of protection from cold

@: slowed, wreathed by umbra, very slow
A: no striking features
a: Shadow Step, Shadow Form, Renounce Religion, Evoke Berserk Rage


You were on level 15 of the Dungeon.
You worshipped Dithmenos.
Dithmenos was exalted by your worship.
You were not hungry.

You visited 3 branches of the dungeon, and saw 21 of its levels.
You also visited: Sewer, Ice Cave and Volcano.

You collected 1239 gold pieces.
You spent 320 gold pieces at shops.

Inventory:

Hand Weapons
 a - a +2 short sword of draining (weapon)
Missiles
 d - 49 poisoned darts (quivered)
 e - 2 curare-tipped darts
Armour
 h - the -2 pair of boots of a wizard's laboratory (worn) {Regen+}
   (You found it in an ice cave)

   It increases your rate of regeneration.
 v - a +2 robe of cold resistance (worn)
 G - a +1 hat (worn)
 I - a +0 leather armour of fire resistance
 N - a +2 shield of reflection (worn)
 O - a +0 cloak of cold resistance (worn)
 R - a +2 cloak of poison resistance
 Y - a +0 pair of gloves (worn)
Magical Staves
 L - an uncursed staff of fire
Jewellery
 m - a ring of protection from cold (left hand)
 n - an uncursed ring of wizardry
 w - a ring of protection from cold (right hand)
 D - an amulet of rage (around neck)
 J - an uncursed ring of resist corrosion
 K - a +3 ring of strength
 Q - an uncursed ring of flight
Wands
 c - a wand of paralysis (9)
 p - a wand of random effects (16)
 y - a wand of iceblast (13)
 P - a wand of clouds (3)
 X - a wand of enslavement (6)
 Z - a wand of acid (8)
Scrolls
 b - 2 scrolls of summoning
 j - 6 scrolls of remove curse
 o - 4 scrolls of teleportation
 q - a scroll of amnesia
 t - a scroll of enchant weapon
 u - a scroll of fear
 x - 3 scrolls of enchant armour
 B - a scroll of holy word
 E - a scroll of brand weapon
 F - 2 scrolls of magic mapping
 M - a scroll of fog
 S - a scroll of silence
 T - a scroll of vulnerability
 U - a scroll of identify
Potions
 g - 4 potions of resistance
 i - 5 potions of berserk rage
 k - 5 potions of brilliance
 l - 5 potions of agility
 r - 5 potions of curing
 s - a potion of ambrosia
 z - 6 potions of might
 A - 2 potions of cancellation
 C - a potion of magic
 H - a potion of lignification
 V - 4 potions of heal wounds
 W - 2 potions of haste
Comestibles
 f - 24 rations


   Skills:
 - Level 10.0 Fighting
 - Level 12.0 Short Blades
 - Level 2.0 Throwing
 * Level 2.3 Armour
 * Level 5.6 Dodging
 * Level 11.4 Stealth
 - Level 15.0 Shields


You had 13 spell levels left.
You didn't know any spells.
Your spell library contained the following spells:

 Spells                   Type           Power        Failure   Level  Hunger
 Corona                   Hex            #......      24%         1    ##.....
 Shock                    Conj/Air       #...         24%         1    ##.....
 Sting                    Conj/Pois      #...         24%         1    ##.....
 Poisonous Vapours        Pois/Air       #.....       34%         2    ###....
 Slow                     Hex            #.......     34%         2    ###....
 Swiftness                Chrm/Air       #.......     34%         2    ###....
 Inner Flame              Hex/Fire       #.......     56%         3    ####...
 Mephitic Cloud           Conj/Pois/Air  #.......     56%         3    ####...
 Portal Projectile        Hex/Tloc       #.....       56%         3    ####...
 Static Discharge         Conj/Air       #.......     56%         3    ####...
 Airstrike                Air            #.........   93%         4    #####..
 Cause Fear               Hex            #.........   93%         4    #####..
 Leda's Liquefaction      Hex/Erth       #.........   93%         4    #####..
 Olgreb's Toxic Radiance  Pois           #.......     93%         4    #####..
 Lightning Bolt           Conj/Air       #.........   100%        5    ######.
 Venom Bolt               Conj/Pois      #.........   100%        5    ######.


Dungeon Overview and Level Annotations

Branches:
Dungeon (13/15)            Temple (1/1) D:7            Lair (6/6) D:11
 Shoals (0/4) Lair:4        Snake (0/4) Lair:4        Slime (0/5) Lair:6
    Orc (0/2) D:10         Vaults (0/5) D:13          Sewer (visited)
  IceCv (visited)         Volcano (visited)

Altars:
Ashenzari
Cheibriados
Dithmenos
Elyvilon
Fedhas
Gozag
Hepliaklqana
Kikubaaqudgha
Makhleb
Nemelex Xobeh
Okawaru
Qazlal
Ru
Sif Muna
Trog
Uskayaw
Vehumet
Wu Jian
Xom
Yredelemnul
Zin
The Shining One
Lugonu

Shops:
D:6 *   D:7 [   D:9 (

Annotations:
D:4 3 runed translucent doors, flt's ghost, amateur OpVM
D:11 2 transporters, nodrog's ghost, journeyman GrEE
D:13 Jorgrun
Lair:5 exclusion: 4 oklob plants


Message History

You block the two-headed ogre's attack.
The two-headed ogre hits you with a +0 dire flail!
The two-headed ogre closely misses you. You block the two-headed ogre's attack.
You hit the two-headed ogre. You drain the two-headed ogre.
The two-headed ogre is moderately wounded.
The two-headed ogre barely misses you.
The two-headed ogre hits you with a +0 dire flail!
You fail to use your ability.
You block the two-headed ogre's attack.
The two-headed ogre hits you with a +0 giant club!
You block the two-headed ogre's attack.
The two-headed ogre completely misses you.
You fail to use your ability.
The two-headed ogre hits you with a +0 giant club!!
* * * LOW HITPOINT WARNING * * *
The two-headed ogre hits you with a +0 giant club!
* * * LOW HITPOINT WARNING * * *
The two-headed ogre closely misses you. You block the two-headed ogre's attack.
You block the ogre's attack.
The two-headed ogre hits you with a +0 giant spiked club!
You die...

#. #..##############
#...............#
#.######'#......#
#.#§§§§§.#......#
#.#§O§@..#......#
.#####.##OOO..#......#
......O§§§§§..#......#
....<...#...###......######
........#####.............#
........).............#####
............).#'#+##..#
..............#....#..#
..####+#......#....#..#


You could see 2 two-headed ogres and 2 ogres.

Vanquished Creatures
  A reaper (IceCv)
  A centaur warrior (D:15)
  2 hydras (Lair:3)
  A dancing weapon (D:13)
  2 ogre magi
  4 two-headed ogres
  A hell hog (Volcano)
  3 unseen horrors
  A fire crab (Volcano)
  A wizard (D:11)
  2 orc knights
  5 ugly things
  A manticore (Lair:4)
  2 ice statues (IceCv)
  2 molten gargoyles (Volcano)
  A guardian serpent (Lair:4)
  3 black mambas
  A torpor snail (Lair:5)
  8 spiny frogs
  A gargoyle (D:11)
  A rime drake (Lair:3)
  A yaktaur (D:15)
  6 komodo dragons
  A tengu conjurer (D:15)
  9 ice devils (IceCv)
  2 trolls (D:11)
  3 hornets
  4 blink frogs
  8 hippogriffs
  2 dream sheep (Lair:5)
  2 wyverns
  A vampire (D:11)
  6 fire bats (Volcano)
  2 shadows (D:11)
  A wraith (D:11)
  37 yaks
  4 hungry ghosts
  2 steam dragons
  A vampire mosquito (D:13)
  16 water moccasins
  A soldier ant (D:15)
  A hell hound (Volcano)
  6 porcupines
  2 black bears
  5 sky beasts
  4 phantoms
  9 orc warriors
  4 ice beasts
  A black bear (shapeshifter) (D:13)
  A necrophage (D:9)
  12 wolves
  7 ogres
  5 centaurs
  6 crocodiles
  A big kobold (D:12)
  20 bullfrogs
  A wyvern zombie (D:10)
  A water moccasin zombie (D:11)
  8 scorpions
  4 wights
  3 electric eels (D:10)
  2 vampire bats (D:7)
  3 howler monkeys
  8 crimson imps
  3 centaur zombies
  4 lava snakes (Volcano)
  A bullfrog zombie (D:11)
  5 hounds
  9 orc priests
  2 jellies
  A centaur skeleton (D:10)
  14 orc wizards
  A bullfrog skeleton (D:9)
  3 iguanas
  11 worker ants
  A hound skeleton (D:9)
  A howler monkey zombie (D:7)
  A worker ant zombie (D:11)
  3 gnolls
  11 adders
  A howler monkey skeleton (D:5)
  5 shadow imps
  17 white imps
  5 ufetubi (IceCv)
  2 adder skeletons
  A worm (D:3)
  A dart slug (D:3)
  3 leopard geckos
  49 orcs
  6 bats
  3 bat skeletons (D:7)
  2 bat zombies (D:7)
  8 giant cockroaches
  3 goblins (D:2)
  7 hobgoblins
  15 jackals
  4 quokkas
  4 ball pythons
  6 frilled lizards
  A goblin zombie (D:4)
  3 hobgoblin zombies (D:4)
  A jackal zombie (D:9)
  12 kobolds
  2 kobold zombies (D:4)
  2 orc skeletons (D:4)
  An orc zombie (D:4)
  3 quokka skeletons
  A quokka zombie (D:6)
  4 rats
  A plant (Sewer)
511 creatures vanquished.

Vanquished Creatures (others)
  A cyclops (D:12)
  An orc wizard (D:13)
  5 white imps (IceCv)
  6 ufetubi (IceCv)
  A kobold (D:13)
  5 fungi
  6 plants
25 creatures vanquished.

Grand Total: 536 creatures vanquished

Notes
Turn   | Place    | Note
-------+----------+-------------------------------------------
     0 | D:1      | Kagalorn the Human Assassin began the quest for the Orb.
     0 | D:1      | Reached XP level 1. HP: 16/16 MP: 1/1
   186 | D:1      | Reached XP level 2. HP: 22/22 MP: 2/2
   643 | D:1      | Reached XP level 3. HP: 25/27 MP: 3/3
  1182 | D:2      | Found a blossoming altar of Fedhas.
  1342 | D:3      | Reached XP level 4. HP: 14/33 MP: 4/4
  1997 | D:3      | Found a white marble altar of Elyvilon.
  2128 | D:3      | Found a bloodstained altar of Trog.
  2449 | D:4      | Reached skill level 5 in Short Blades
  2449 | D:4      | Reached XP level 5. HP: 27/38 MP: 5/5
  2588 | D:4      | Found a glowing golden altar of the Shining One.
  2925 | D:4      | Reached XP level 6. HP: 29/44 MP: 6/6
  3024 | D:4      | Found an opulent altar of Gozag.
  3192 | D:4      | Found a sparkling altar of Nemelex Xobeh.
  3193 | D:4      | Found an opulent altar of Gozag.
  3193 | D:4      | Noticed an ogre
  3304 | D:4      | Killed an ogre
  3339 | D:4      | Found a runed translucent gate.
  3342 | D:4      | Found a runed translucent gate.
  3342 | D:4      | Found a runed translucent gate.
  3402 | D:4      | Noticed flt's ghost (amateur OpVM)
  3588 | D:5      | Entered Level 5 of the Dungeon
  3713 | D:5      | Reached XP level 7. HP: 27/50 MP: 7/7
  3853 | D:5      | Found a glowing drain.
  3943 | Sewer    | Entered a sewer
  4926 | D:5      | Found a burning altar of Makhleb.
  4927 | D:5      | Found a shimmering altar of Xom.
  4995 | D:5      | Found a shattered altar of Ashenzari.
  5571 | D:6      | Reached XP level 8. HP: 54/56 MP: 8/8
  5869 | D:6      | Found Naomoh's Assorted Antiques.
  6265 | D:6      | Reached skill level 10 in Short Blades
  6374 | D:6      | Found a shadowy altar of Dithmenos.
  6393 | D:6      | Became a worshipper of Dithmenos the Shadowed
  6479 | D:6      | Found a shimmering blue altar of Sif Muna.
  6657 | D:6      | Reached XP level 9. HP: 46/61 MP: 9/9
  6978 | D:7      | You fall into a shaft and drop 3 floors!
  6978 | D:10     | Entered Level 10 of the Dungeon
  7201 | D:9      | Noticed a hippogriff
  7209 | D:9      | Killed a hippogriff
  7276 | D:8      | HP: 3/91 [bullfrog (4)]
  7278 | D:8      | HP: 1/91 [bullfrog (2)]
  7633 | D:7      | Reached * piety under Dithmenos
  7637 | D:7      | Reached skill level 1 in Shields
  7664 | D:7      | Reached skill level 2 in Shields
  7685 | D:7      | Found Ocalig's Armour Emporium.
  7688 | D:7      | Bought a +2 shield of reflection for 185 gold pieces
  7688 | D:7      | Bought a +1 cloak of poison resistance for 135 gold pieces
  7956 | D:7      | Found a staircase to the Ecumenical Temple.
  7966 | Temple   | Entered the Ecumenical Temple
  8280 | D:7      | Found an ancient bone altar of Kikubaaqudgha.
  8313 | D:7      | Reached skill level 3 in Shields
  8419 | D:7      | You fall into a shaft and drop 1 floor!
  8736 | D:8      | Reached XP level 10. HP: 51/70 MP: 10/10
  8885 | D:8      | Reached ** piety under Dithmenos
  9255 | D:8      | Reached skill level 4 in Shields
  9534 | D:8      | Found a radiant altar of Vehumet.
  9534 | D:8      | Found an ornate altar of the Wu Jian Council.
  9664 | D:9      | Reached skill level 5 in Fighting
  9872 | D:9      | Found Cosoicw's Antique Weapon Boutique.
 10088 | D:9      | Reached skill level 5 in Shields
 10221 | D:9      | Identified the +7 whip "Siury" {slash, MP+9}
 10577 | D:9      | Found an iron altar of Okawaru.
 11056 | D:10     | Reached *** piety under Dithmenos
 11117 | D:10     | Got a slimy glass ring
 11119 | D:10     | Identified the ring "Yfil" {Str+3 Stlth-} (You found it on
                  | level 10 of the Dungeon)
 11215 | D:10     | Found a staircase to the Orcish Mines.
 11342 | D:10     | Reached skill level 6 in Shields
 11402 | D:10     | Reached XP level 11. HP: 83/85 MP: 11/11
 11984 | D:11     | Noticed a two-headed ogre
 11984 | D:11     | Noticed a two-headed ogre
 12013 | D:11     | Killed a two-headed ogre
 12013 | D:11     | Reached skill level 7 in Shields
 12149 | D:11     | Found a staircase to the Lair.
 12166 | Lair:1   | Entered Level 1 of the Lair of Beasts
 12251 | Lair:1   | Reached skill level 8 in Shields
 12613 | Lair:1   | You fall into a shaft and drop 1 floor!
 13221 | Lair:1   | Reached **** piety under Dithmenos
 13331 | Lair:1   | Reached skill level 9 in Shields
 13461 | Lair:1   | Reached skill level 10 in Fighting
 13933 | Lair:1   | Reached XP level 12. HP: 49/96 MP: 12/12
 14602 | Lair:2   | Reached skill level 10 in Shields
 15339 | Lair:3   | Reached skill level 11 in Shields
 15379 | Lair:3   | Noticed a six-headed hydra
 15572 | Lair:3   | Noticed a five-headed hydra
 15577 | Lair:3   | Killed a five-headed hydra
 16299 | Lair:3   | Killed a six-headed hydra
 16299 | Lair:3   | Reached skill level 12 in Shields
 16823 | Lair:4   | Found a staircase to the Snake Pit.
 17393 | Lair:4   | Found a staircase to the Shoals.
 17405 | Lair:4   | Reached skill level 13 in Shields
 17405 | Lair:4   | Reached XP level 13. HP: 102/102 MP: 13/13
 18048 | Lair:5   | Reached skill level 5 in Stealth
 18774 | Lair:6   | Entered Level 6 of the Lair of Beasts
 18863 | Lair:6   | Found a dark tunnel.
 18868 | Volcano  | Entered a volcano
 19354 | Volcano  | Reached ***** piety under Dithmenos
 19706 | Volcano  | Found a burning altar of Makhleb.
 19717 | Volcano  | Reached skill level 14 in Shields
 20439 | Lair:6   | Noticed a seven-headed hydra
 20913 | D:11     | Noticed nodrog's ghost (journeyman GrEE)
 20914 | D:11     | Found a transporter.
 20918 | D:11     | Found a transporter.
 21693 | D:11     | Reached skill level 15 in Shields
 22079 | D:11     | Reached XP level 14. HP: 103/110 MP: 14/14
 23319 | D:12     | Reached skill level 10 in Stealth
 23894 | D:12     | Found a stormy altar of Qazlal.
 23982 | D:12     | Reached skill level 1 in Armour
 24045 | D:13     | Noticed Jorgrun
 24047 | D:13     | HP: 5/110 [purple ugly thing (12)]
 24064 | D:13     | Found a gate to the Vaults.
 24096 | D:13     | Found a frozen archway.
 24143 | IceCv    | Entered an ice cave
 25105 | IceCv    | Got a pair of pitted boots
 25116 | IceCv    | Identified the -2 pair of boots of a wizard's laboratory
                  | {Regen+} (You found it in an ice cave)
 25178 | IceCv    | Reached ****** piety under Dithmenos
 25725 | IceCv    | Noticed a reaper
 25801 | IceCv    | Killed a reaper
 25872 | IceCv    | Found the +10 morningstar "Eos" {elec, Halo rElec}
 26071 | D:13     | You fall into a shaft and drop 2 floors!
 26071 | D:15     | Entered Level 15 of the Dungeon
 26526 | D:15     | Reached skill level 5 in Dodging
 26688 | D:15     | HP: 4/110 [two-headed ogre/+0 giant club (15)]
 26689 | D:15     | Slain by a two-headed ogre

Levels and vault maps discovered:
D:1:      ebering_trefoil_3fold, layout_loops_cross
D:2:      layout_rooms, fedhas_altar_4
D:3:      layout_loops_ring, lemuel_crystal_altar, old_standard_altar,
          first_ration, minmay_misc_feat_square, kennysheep_crisscross
D:4:      layout_cave_pools, grunt_temple_overflow_opulence,
          nicolae_tso_besieged_by_evil, gammafunk_ghost_split,
          minmay_crystal_room, lemuel_statue_altar
D:5:      layout_basic, grunt_temple_overflow_champion_of_chaos,
          evilmike_ruin_ashenzari, gup_sewer_entry_glass
D:6:      layout_rooms, led_sif_pool, serial_shops, shop,
          grunt_dithmenos_shadows
D:7:      layout_basic, kennysheep_vampire_church,
          minmay_temple_entry_overgrown, serial_shops, kennysheep_mini_moat
D:8:      layout_layer_cave, gammafunk_temple_overflow_statue
D:9:      layout_irregular_city, lemuel_coloured_pillars_altar, serial_shops,
          shop, grunt_pizzeria
D:10:     layout_basic, orc_0_dummy
D:11:     minmay_the_grid_triangle_9x9_recursive_3
          [minmay_the_grid_triangle_9x9_alien,
          minmay_the_grid_triangle_9x9_cache,
          minmay_the_grid_triangle_9x9_warning,
          minmay_the_grid_triangle_9x9_prize_center,
          minmay_the_grid_triangle_9x9_negative_grid,
          minmay_the_grid_triangle_9x9_empty,
          minmay_the_grid_triangle_9x9_semitri,
          minmay_the_grid_triangle_9x9_windchime,
          minmay_the_grid_triangle_9x9_odd_lines], layout_loops_ring,
          lair_entry_dummy, gammafunk_ghost_hive
D:12:     layout_loops_ring, grunt_qazlal_clouds
D:13:     layout_rooms, erik_vaults_1, serial_bayou, serial_bayou_ford_a,
          serial_bayou_pond_a, serial_bayou_lake_a, serial_bayou_lagoon_a,
          portal_ice_cave_entry_imps, uniq_jorgrun
D:15:     grunt_enter_depths_snipers, layout_irregular_city
Temple:   corrupted_temple
Lair:1:   layout_concentric_octagons, chequers_serial_rivers_micro_e
Lair:2:   layout_regular_city
Lair:3:   layout_misc_corridors, grunt_megastairs_2
Lair:4:   layout_regular_city, minmay_shoals_entry_beasts,
          minmay_snake_entry_spellcaster
Lair:5:   layout_loops_ring, minmay_lair_oklob_chamber, lemuel_fruit_tree,
          infiniplex_staircase_pool
Lair:6:   wormcave, layout_regular_city, guppyfry_lair_end_dragon,
          nicolae_slime_entry_slimehenge, enter_volcano_1, st_stairs_3,
          minivault_11, lemuel_old_faithful

Skill      XL: |  1  2  3  4  5  6  7  8  9 10 11 12 13 14 |
---------------+-------------------------------------------+-----
Short Blades   | 3 4 5 7 8 10 12 | 12.0
Shields        | 3 6 9 13 15 | 15.0
Fighting       | 3 8 10 | 10.0
Stealth        | 8 11 | 11.4
Armour         | 2 |  2.3
Dodging        | 5 |  5.6
Throwing       | |  2.0

Action                   |  1- 3 |  4- 6 |  7- 9 | 10-12 | 13-15 || total
-------------------------+-------+-------+-------+-------+-------++-------
Melee: Dagger            |    94 |   126 |   135 |       |       ||   355
       Short sword       |       |       |   474 |  1069 |  1628 ||  3171
Throw: Dart              |    23 |    51 |    59 |    37 |    15 ||   185
 Abil: Evoke Berserk Rag |       |       |     2 |     6 |    10 ||    18
Evoke: Wand              |       |       |       |     8 |       ||     8
  Use: Scroll            |       |       |     3 |    20 |    15 ||    38
       Potion            |       |       |     1 |       |     4 ||     5
 Stab: Sleeping          |    10 |     4 |     7 |    21 |    33 ||    75
       Distracted        |       |       |     1 |     3 |     1 ||     5
  Eat: Chunk             |     1 |     6 |    10 |    27 |    20 ||    64
       Ration            |       |       |     3 |     3 |     7 ||    13
Armor: Robe              |    31 |     1 |       |       |   143 ||   175
       Leather armour    |       |    15 |   104 |    37 |     2 ||   158
       Steam dragon scal |       |       |       |    88 |    41 ||   129
Dodge: Dodged            |    62 |    54 |   193 |   240 |   352 ||   901
Block: Shield            |       |       |       |   361 |   724 ||  1085
       Reflection        |       |       |       |     5 |    21 ||    26
